 Dungeon Crawl Stone Soup version 0.27-a0-1065-ge809cff456 (webtiles) character file.

Game seed: 17887781919262146521

7 BritishOli the Magician (level 1, 0/15 HPs)
             Began as a Demonspawn Wanderer on Apr 22, 2021.
             Slain by an adder (4 damage)
             ... on level 2 of the Dungeon.
             The game lasted 00:02:39 (410 turns).

BritishOli the Magician (Demonspawn Wanderer)        Turns: 410, Time: 00:02:39

Health: 0/15       AC:  2    Str: 13    XL:     1   Next: 91%
Magic:  3/3        EV: 12    Int: 13    God:
Gold:   12         SH:  0    Dex: 11    Spells: 4/4 levels left

rFire    . . .     SeeInvis .   a - +2 short sword
rCold    . . .     Faith    .   (no shield)
rNeg     . . .     Spirit   .   d - +0 robe
rPois    .         Reflect  .   (no helmet)
rElec    .         Harm     .   (no cloak)
rCorr    .         Rampage  .   (no gloves)
Will     .....                  (no boots)
Stlth    +.........             (no amulet)
HPRegen  0.05/turn              (no ring)
MPRegen  0.08/turn              (no ring)

@: lethally poisoned (0 -> -3)
A: no striking features
a: no special abilities


You were on level 2 of the Dungeon.
You visited 1 branch of the dungeon, and saw 2 of its levels.

You collected 12 gold pieces.

Inventory:

Hand Weapons
 a - a +2 short sword (weapon)
Armour
 d - a +0 robe (worn)
Scrolls
 g - a scroll of identify {unknown}
Potions
 b - 3 potions of lignification
 e - a potion of mutation {unknown}
 f - a potion of curing {unknown}
Miscellaneous
 c - a piece from Xom's chessboard (15/15) (quivered)


   Skills:
 + Level 1.2 Fighting
 - Level 1.0(1.1) Short Blades
 * Level 0.6(1.0) Long Blades
 + Level 0.2 Armour
 + Level 1.9 Dodging
 - Level 1.0 Stealth
 + Level 1.1 Shields
 - Level 2.0 Spellcasting
 - Level 1.0 Conjurations
 - Level 1.0 Evocations


You had 4 spell levels left.
You didn't know any spells.
Your spell library was empty.

Dungeon Overview and Level Annotations

Branches:
Dungeon (1/15)

Altars:


Message History

The ball python hisses angrily.
A ball python is nearby!
A ball python is nearby!
The ball python bites you but does no damage.
The ball python barely misses you.
You hit the ball python.
You kill the ball python!
No target in view!
No target in view!
No target in view!
You see here a ball python corpse.
An adder comes into view.
The adder hisses angrily.
An adder is nearby!
You hit the adder.
The adder is lightly wounded.
The adder closely misses you. x2
An adder is nearby!
You closely miss the adder.
The adder is lightly wounded.
The adder bites you.
An adder is nearby!
You barely miss the adder.
The adder is lightly wounded.
The adder bites you.
You are poisoned.
The adder poisons you! The adder barely misses you.
An adder is nearby!
You barely miss the adder.
The adder is lightly wounded.
You feel sick. The adder bites you.
An adder is nearby!
You are too injured to fight recklessly!
An adder is nearby!
You are too injured to fight recklessly!
You hit the adder but do no damage.
The adder is lightly wounded.
* * * LOW HITPOINT WARNING * * *
You feel sick. The adder bites you.
You die...

##############.#.#
#........##.....## #
#.##†###.##.##.#.###.
#.#.#.##.##.##....#.#
#..###.#.##.##.......
#.## ##.....###...###
#..###.#.#### ##.##
#.#.#.##.# #.# #.##@#
#.# #.# #...S....#
##'## ####.#####
##...## #.# ##.....##
#.# #.......# ...
#......... ...
+......... .#.
#......... ##.......#


You could see an adder.

Vanquished Creatures
  2 ball pythons
  An endoplasm (D:1)
  2 giant cockroaches (D:1)
  A goblin (D:2)
  A kobold (D:1)
7 creatures vanquished.

Notes
Turn   | Place    | Note
-------+----------+-------------------------------------------
     0 | D:1      | BritishOli the Demonspawn Wanderer began the quest for the
                  | Orb.
     0 | D:1      | BritishOli set off with the following items: a +2 short
                  | sword, a potion of lignification, a piece from Xom's
                  | chessboard (15/15), a +0 robe
     0 | D:1      | Reached XP level 1. HP: 15/15 MP: 3/3
    43 | D:1      | Found a faded altar of an unknown god.
   321 | D:1      | You fall into a shaft and drop 1 floor!
   410 | D:2      | Slain by an adder

Illustrated notes

Levels and vault maps discovered:
D:1:      dpeg_arrival_court, layout_loops_ring,
          shapermc_ecumenical_altar_starsandcircs, minmay_misc_feat_four_crosses
D:2:      layout_loops_corners, basic_altar

Action                   || total
-------------------------++-------
Melee: Short sword       ||    24
Armor: Robe              ||     4
Dodge: Dodged            ||    15

Table legend: (Time is in decaauts)
 A = Elapsed time spent in this place.
 B = Non-inter-level travel time spent in this place.
 C = Inter-level travel time spent in this place.
 D = Time resting spent in this place.
 E = Time spent auto-exploring this place.
 F = Levels seen in this place.
 G = Mean time per level.
                   A        B        C        D        E       F      G
               +--------+--------+--------+--------+--------+-----+--------+
         Total |    410 |    410 |      0 |     47 |    316 |   2 |  205.0 |
       Dungeon |    410 |    410 |      0 |     47 |    316 |   2 |  205.0 |
               +--------+--------+--------+--------+--------+-----+--------+

Top non-repeatable levels by time:
     D:1: 321 daAuts
     D:2: 89 daAuts
